 Dungeon Crawl Stone Soup version 0.30.0-29-ga12c61a403 (webtiles) character file.

Game seed: 7167305117222216058

75 H0rd4k the Charlatan (level 4, -4/32 HPs)
             Began as a Human Artificer on June 7, 2023.
             Killed from afar by Grinder (11 damage)
             ... with a puff of flame
             ... on level 3 of the Dungeon.
             The game lasted 00:01:49 (2056 turns).

H0rd4k the Charlatan (Human Artificer)              Turns: 2056, Time: 00:01:49

Health: -4/32      AC:  3    Str: 12    XL:     4   Next: 55%
Magic:  4/4        EV: 11    Int: 14    God:
Gold:   141        SH:  0    Dex: 13    Spells: 3/3 levels left

rFire   . . .        t - +0 dagger (freeze)
rCold   . . .        (no shield)
rNeg    . . .        b - +0 leather armour
rPois   .            (no helmet)
rElec   .            (no cloak)
rCorr   .            (no gloves)
SInv    .            (no boots)
Will    .....        (no amulet)
Stlth   +            (no ring)
HPRegen 0.25/turn    (no ring)
MPRegen 0.09/turn

%: no passive effects
@: no status effects
A: no striking features
a: no special abilities


You were on level 3 of the Dungeon.
You visited 1 branch of the dungeon, and saw 3 of its levels.

You collected 141 gold pieces.

Inventory:

Hand Weapons
 t - a +0 dagger of freezing (weapon)
Missiles
 o - 6 poisoned darts (quivered)
Armour
 b - a +0 leather armour (worn)
Jewellery
 m - a ring of positive energy
 p - a ring of magical power
 u - a ring of willpower
Wands
 c - a wand of flame (1)
 d - a wand of charming (14)
 e - a wand of iceblast (5)
Scrolls
 a - a scroll of silence {unknown}
 f - 4 scrolls of identify {unknown}
 g - 2 scrolls of poison {unknown}
 j - a scroll of noise {unknown}
 l - 3 scrolls of teleportation {unknown}
 q - a scroll of vulnerability {unknown}
 r - a scroll of enchant armour {unknown}
 s - a scroll of immolation {unknown}
 x - a scroll of summoning {unknown}
Potions
 h - 2 potions of heal wounds {unknown}
 i - a potion of degeneration {unknown}
 k - a potion of magic {unknown}
 n - a potion of cancellation {unknown}
 v - a potion of attraction {unknown}
 w - a potion of resistance {unknown}


   Skills:
 + Level 1.6 Fighting
 + Level 0.1 Short Blades
 - Level 2.0 Maces & Flails
 + Level 0.2 Throwing
 - Level 2.0 Armour
 + Level 1.6 Dodging
 + Level 1.2 Stealth
 + Level 3.7 Evocations


You had 3 spell levels left.
You didn't know any spells.
Your spell library contained the following spells:

 Spells                   Type           Power      Damage    Failure   Level
 Ensorcelled Hibernation  Hex/Ice        0%         N/A       50%         2
 Passwall                 Tmut/Erth      0%         N/A       50%         2
 Swiftness                Air            0%         N/A       73%         3


Dungeon Overview and Level Annotations

Branches:
Dungeon (3/15)

Altars:
Zin

Annotations:
D:3 3 runed translucent doors, CaptainMV's ghost, amateur DrWn; Grinder


Message History

Found 5 stones.
x - a scroll labelled RITOAH JOKHALOO
Found a stone staircase leading down and a stone staircase leading up.
No target in view!
No target in view!
No target in view!
A rat comes into view.
The rat bites you.
A rat is nearby!
You hit the rat. You freeze the rat.
You kill the rat!
There is a stone staircase leading down here.
f - 4 scrolls labelled PYVOZX TICH (gained 1)
Found 7 stones.
No target in view!
You see here 7 stones.
You now have 141 gold pieces (gained 12).
Grinder comes into view.
She is carrying a wand of flame (21).
Found a blue potion.
Grinder shouts!
Grinder drinks a potion.
Grinder seems to speed up.
You barely miss Grinder. Grinder gestures at you.
Pain shoots through your body! Grinder hits you.
You barely miss Grinder. Grinder gestures at you.
You suddenly lose the ability to move!
Grinder hits you but does no damage. Grinder hits you.
You writhe in agony.
Grinder hits you!
* * * LOW HITPOINT WARNING * * *
You writhe in agony.
* * * LOW HITPOINT WARNING * * *
Grinder barely misses you.
You can move again.
Aiming: Charm
Press: ? - help, Shift-Dir - straight line, f - Grinder
Aim: Grinder, carrying a wand of flame (21) (fast, chance to affect: 59%) Grinder resists with significant effort.
Grinder zaps a wand.
The puff of flame hits you!
You die...

##########
#.@5......
#.########
#.# #.#
#.# #.#
### #.#
#.. ####
#.# #.#
....
##.####.#
####


You could see Grinder (fast).

Vanquished Creatures
  3 adders (D:2)
  2 worms
  A dart slug (D:3)
  A ball python (D:1)
  6 bats
  4 endoplasms
  2 giant cockroaches (D:2)
  3 jackals (D:2)
  3 quokkas
  4 frilled lizards
  4 goblins
  3 kobolds (D:2)
  5 rats
41 creatures vanquished.

Notes
Turn   | Place    | Note
-------+----------+-------------------------------------------
     0 | D:1      | H0rd4k the Human Artificer began the quest for the Orb.
     0 | D:1      | Reached XP level 1. HP: 15/15 MP: 1/1
   330 | D:1      | Reached XP level 2. HP: 4/21 MP: 2/2
   693 | D:2      | Reached XP level 3. HP: 18/26 MP: 3/3
   766 | D:2      | Reached skill level 1 in Maces & Flails
   880 | D:2      | Found a glowing silver altar of Zin.
  1212 | D:2      | Reached XP level 4. HP: 7/32 MP: 4/4
  1840 | D:3      | Found a runed translucent gate.
  1840 | D:3      | Found a runed translucent gate.
  1841 | D:3      | Found a runed translucent gate.
  1844 | D:3      | Noticed CaptainMV's ghost (amateur DrWn)
  2049 | D:3      | Noticed Grinder
  2052 | D:3      | Paralysed by Grinder for 3 turns
  2056 | D:3      | Killed from afar by Grinder

Illustrated notes

Levels and vault maps discovered:
D:1:      doesnt_arrival_eight_statues, layout_basic,
          dreamdust_princess_corridor
D:2:      layout_basic, basic_altar
D:3:      layout_loops_ring, minitemple, gammafunk_ghost_necromancy,
          uniq_grinder

Skill      XL: |  1  2  3  4 |
---------------+-------------+-----
Maces & Flails | 1 2 |  2.0
Fighting       | |  1.6
Short Blades   | |  0.1
Throwing       | |  0.2
Armour         | |  2.0
Dodging        | |  1.6
Stealth        | |  1.2
Evocations     | |  3.7

Action                     |  1- 3 |  4- 6 || total
---------------------------+-------+-------++-------
  Melee: Club              |   135 |     9 ||   144
         Punch             |     2 |       ||     2
         Dagger            |       |    31 ||    31
  Throw: Dart              |     2 |     2 ||     4
  Evoke: Wand              |     8 |     7 ||    15
   Stab: Sleeping          |     2 |       ||     2
 Armour: Leather armour    |    68 |    10 ||    78
  Dodge: Dodged            |   139 |    20 ||   159
